 Dungeon Crawl Stone Soup version 0.29-a0-664-gff9cad4a3d (webtiles) character file.

Game seed: 14847981475779839985

44 buhh the Bolt Thrower (level 3, -1/27 HPs)
             Began as a Formicid Hunter on June 22, 2022.
             Killed from afar by Grinder (9 damage)
             ... with a bolt of light
             ... on level 3 of the Dungeon.
             The game lasted 00:02:43 (1840 turns).

buhh the Bolt Thrower (Formicid Hunter)             Turns: 1840, Time: 00:02:45

Health: -1/27      AC:  5    Str: 15    XL:     3   Next: 87%
Magic:  3/3        EV: 12    Int: 10    God:
Gold:   120        SH:  0    Dex: 17    Spells: 2/2 levels left

rFire   + + .      SeeInvis +   a - +1 hand crossbow
rCold   . . .      Faith    .   (no shield)
rNeg    . . .      Spirit   .   h - +2 robe of Shadows and Fog {rF++ Stlth-}
rPois   .          Reflect  .   (helmet unavailable)
rElec   .          Harm     .   (no cloak)
rCorr   .          Rampage  .   (no gloves)
Will    .....                   e - +0 pair of boots
Stlth   ..........              (no amulet)
HPRegen 0.09/turn               (no ring)
MPRegen 0.08/turn               (no ring)

@: confused
A: permanent stasis, dig shafts and tunnels, antennae 3, four strong arms
a: Dig, Shaft Self


You were on level 3 of the Dungeon.
You visited 1 branch of the dungeon, and saw 3 of its levels.

You collected 120 gold pieces.

Inventory:

Hand Weapons
 a - a +1 hand crossbow (weapon)
Missiles
 i - 2 poisoned darts
Armour
 b - a +0 leather armour
 e - a +0 pair of boots (worn)
 h - the +2 robe of Shadows and Fog (worn) {rF++ Stlth-}
   (You found it on level 2 of the Dungeon)

   rF:        It greatly protects you from fire.
   Stlth:     It makes you less stealthy.
Scrolls
 c - 4 scrolls of identify {unknown}
 d - a scroll of fog {unknown}
 f - a scroll of poison {unknown}
 j - a scroll of enchant weapon {unknown}
 k - a scroll of silence {unknown}
 m - a scroll of blinking {unknown}
 o - a scroll of noise {unknown}
 r - a scroll of magic mapping {unknown}
 T - a scroll of immolation {!d}
Potions
 g - a potion of resistance {unknown}
 l - a potion of curing {unknown}
 n - a potion of invisibility {unknown}
 p - 2 potions of heal wounds {unknown}
 q - a potion of lignification {unknown}


   Skills:
 - Level 2.1 Fighting
 + Level 5.2 Crossbows
 - Level 1.7 Dodging
 * Level 1.3 Stealth


You had 2 spell levels left.
You didn't know any spells.
Your spell library contained the following spells:

 Spells                   Type           Power      Damage    Failure   Level
 Dazzling Flash           Conj/Hex       0%         N/A       75%         3
 Agony                    Necr           0%         N/A       100%        5
 Silence                  Hex/Air        0%         N/A       100%        5


Dungeon Overview and Level Annotations

Branches:
Dungeon (3/15) Zot: 16132

Altars:
Dithmenos

Annotations:
D:3 Grinder


Innate Abilities, Weirdness & Mutations

You cannot be hasted, slowed, berserked, paralysed or teleported.
You can dig through walls and to a lower floor.
You have a pair of large antennae on your head. (SInv)
Your four strong arms can wield two-handed weapons with a shield.


Message History

Grinder gestures at you. You resist with significant effort.
Warning: an enemy near you is armed with a wand! (Y or N to confirm.) [Y]es or [N]o only, please.
Warning: an enemy near you is armed with a wand! (Y or N to confirm.) [Y]es or [N]o only, please.
Warning: an enemy near you is armed with a wand! (Y or N to confirm.) Neutralize or avoid the wand carrier ASAP!
You shoot a bolt. The bolt closely misses Grinder.
Grinder gestures at you.
Your stasis prevents you from being paralysed.
Shoot: a) +1 hand crossbow
Press: ? - help, Q - select action, (/) - cycle Shift-Dir - straight line, f/p - Grinder
Aim: Grinder, carrying a wand of light (4) (62% to hit)
You shoot a bolt. The bolt hits Grinder.
Grinder is lightly wounded.
Shoot: a) +1 hand crossbow
Press: ? - help, Q - select action, (/) - cycle Shift-Dir - straight line, f/p - Grinder
Aim: Grinder, carrying a wand of light (4) (lightly wounded, 62% to hit)
You shoot a bolt. The bolt completely misses Grinder.
Grinder rolls her eyes.
Grinder gestures at you. Pain shoots through your body!
Grinder blinks!
You shoot a bolt. The bolt hits Grinder.
Grinder is lightly wounded.
You shoot a bolt. The bolt closely misses Grinder.
Grinder zaps a wand.
The bolt of light hits you!
You are confused.
You shoot a bolt.
Grinder zaps a wand.
The bolt of light hits you!
You are more confused.
* * * LOW HITPOINT WARNING * * *
Grinder gestures at you. You resist with significant effort.
Okay, then.
You feel less confused.
Grinder zaps a wand.
The bolt of light hits you!
You are confused.
You die...

###.#†##########.########
<................#
##..#.###.######.#
..........# #5#
...#####..# #.# #### #..#
#.# #..# #.# #..# #.#
######..######@#
...............#
#############..# #(<#
#..# #..# ....{ { ##.###
#.#


You could see Grinder.

Vanquished Creatures
  A dart slug (D:1)
  3 bats
  7 endoplasms
  3 goblins (D:1)
  7 hobgoblins
  3 quokkas
  2 ball pythons
  2 frilled lizards (D:1)
  4 kobolds
  4 rats
36 creatures vanquished.

Notes
Turn   | Place    | Note
-------+----------+-------------------------------------------
     0 | D:1      | buhh the Formicid Hunter began the quest for the Orb.
     0 | D:1      | Reached XP level 1. HP: 16/16 MP: 1/1
   230 | D:1      | Reached XP level 2. HP: 21/22 MP: 2/2
   569 | D:1      | Found a faded altar of an unknown god.
   777 | D:1      | Reached XP level 3. HP: 27/27 MP: 3/3
  1080 | D:2      | Identified the +2 robe of Shadows and Fog {rF++ Stlth-}
  1148 | D:2      | Reached skill level 5 in Crossbows
  1154 | D:2      | Found a shadowy altar of Dithmenos.
  1802 | D:3      | Noticed Grinder
  1840 | D:3      | Killed from afar by Grinder

Illustrated notes

Levels and vault maps discovered:
D:1:      heliophobic_arrival_glass_houses, layout_basic,
          dreamdust_ecumenical_altar_grove, amethyst_killhole,
          minmay_misc_feat_pillars
D:2:      layout_basic, basic_altar
D:3:      layout_loops_ring, uniq_sigmund, uniq_jessica, uniq_grinder

Skill      XL: |  1  2  3 |
---------------+----------+-----
Crossbows      | 5 |  5.2
Fighting       | |  2.1
Dodging        | |  1.7
Stealth        | |  1.3

Action                   || total
-------------------------++-------
 Fire: Hand crossbow     ||    93
 Abil: Dig               ||     2
Armor: Leather armour    ||     3
       Robe              ||     4
Dodge: Dodged            ||    16

Table legend: (Time is in decaauts)
 A = Elapsed time spent in this place.
 B = Non-inter-level travel time spent in this place.
 C = Inter-level travel time spent in this place.
 D = Time resting spent in this place.
 E = Time spent auto-exploring this place.
 F = Levels seen in this place.
 G = Mean time per level.
                   A        B        C        D        E       F      G
               +--------+--------+--------+--------+--------+-----+--------+
         Total |   1866 |   1774 |     92 |      0 |   1536 |   3 |  622.0 |
       Dungeon |   1866 |   1774 |     92 |      0 |   1536 |   3 |  622.0 |
               +--------+--------+--------+--------+--------+-----+--------+

Top non-repeatable levels by time:
     D:1: 1051 daAuts
     D:2: 610 daAuts
     D:3: 204 daAuts
